 Dungeon Crawl Stone Soup version 0.27-a0-489-g24c7b1a3ef (webtiles) character file.

Game seed: 5339614901635438833

416 siradein the Sneak (level 6, -5/35 HPs)
             Began as a Vampire Brigand on Mar 2, 2021.
             Slain by a killer bee (6 damage)
             ... on level 5 of the Dungeon.
             The game lasted 00:13:01 (3566 turns).

siradein the Sneak (Vampire Brigand)                Turns: 3566, Time: 00:13:02

Health: -5/35      AC:  7    Str: 10    XL:     6   Next: 60%
Magic:  6/6        EV: 11    Int: 13    God:
Gold:   192        SH:  0    Dex: 18    Spells: 5/5 levels left

rFire    . . .     SeeInvis +   a - +2 dagger
rCold    + + .     Faith    +   (no shield)
rNeg     + + +     Spirit   .   z - +0 leather armour
rPois    ∞         Reflect  .   w - +2 hat
rElec    .         Harm     .   c - +0 cloak
rCorr    .         Rampage  .   (no gloves)
Will     .....                  A - +0 pair of boots
Stlth    +++++.....             l - amulet of faith
HPRegen  0.00/turn              (no ring)
MPRegen  0.10/turn              (no ring)

@: bloodless
A: fangs 3, see invisible, unbreathing
a: Bat Form, Revivify


You were on level 5 of the Dungeon.
You visited 1 branch of the dungeon, and saw 5 of its levels.

You collected 192 gold pieces.

Inventory:

Hand Weapons
 a - a +2 dagger (weapon)
Missiles
 d - 41 poisoned darts (quivered)
 e - 2 curare-tipped darts
 j - 159 stones
Armour
 c - a +0 cloak (worn)
 v - a +0 buckler
 w - a +2 hat (worn)
 z - a +0 leather armour (worn)
 A - a +0 pair of boots (worn)
Jewellery
 l - an amulet of faith (around neck)
Scrolls
 b - 3 scrolls of magic mapping {unknown}
 f - a scroll of immolation {unknown}
 g - 2 scrolls of teleportation {unknown}
 h - a scroll of amnesia {unknown}
 p - a scroll of fear {unknown}
 s - a scroll of enchant weapon {unknown}
 u - a scroll of noise {unknown}
 x - a scroll of blinking {unknown}
Potions
 i - 3 potions of lignification
 k - a potion of mutation {unknown}
 m - 2 potions of magic
 q - 4 potions of curing
 r - 3 potions of attraction {unknown}
 t - 2 potions of flight {unknown}


   Skills:
 - Level 1.7 Fighting
 + Level 5.7 Short Blades
 + Level 4.3 Throwing
 - Level 1.1 Dodging
 - Level 5.8 Stealth


You had 5 spell levels left.
You didn't know any spells.
Your spell library contained the following spells:

 Spells                   Type           Power        Failure   Level
 Animate Skeleton         Necr           0%           38%         1
 Apportation              Tloc           0%           38%         1
 Beastly Appendage        Tmut           0%           38%         1
 Corona                   Hex            0%           38%         1
 Summon Small Mammal      Summ           0%           38%         1
 Wereblood                Tmut           0%           54%         2
 Spider Form              Tmut/Pois      0%           77%         3
 Ice Form                 Ice/Tmut       0%           99%         4
 Blade Hands              Tmut           0%           100%        5


Dungeon Overview and Level Annotations

Branches:
Dungeon (5/15)
 Temple: D:4-7

Altars:
Vehumet
Yredelemnul


Innate Abilities, Weirdness & Mutations

You do not regenerate when monsters are visible.
You are frail without blood (-20% HP).
You can heal yourself when you bite living creatures.
You are immune to poison.
You have razor-sharp teeth.
You have supernaturally acute eyesight. (SInv)
You can survive without breathing.


Message History

You closely miss the killer bee.
The killer bee is severely wounded.
The killer bee misses you.
You hit the killer bee.
You bite the killer bee, but do no damage.
The killer bee is almost dead.
The killer bee barely misses you. The killer bee misses you.
You hit the killer bee but do no damage.
The killer bee is almost dead.
The killer bee barely misses you.
You hit the killer bee.
You bite the killer bee, but do no damage.
The killer bee is almost dead.
The killer bee closely misses you. The killer bee stings you!
You closely miss the killer bee.
The killer bee is almost dead.
The killer bee stings you but does no damage.
You closely miss the killer bee.
The killer bee is almost dead.
The killer bee stings you but does no damage.
The killer bee misses you.
You hit the killer bee.
You kill the killer bee!
You hit the killer bee.
You bite the killer bee, but do no damage.
The killer bee is lightly wounded.
The killer bee stings you but does no damage.
The killer bee stings you.
* * * LOW HITPOINT WARNING * * *
You hit the killer bee but do no damage.
The killer bee is lightly wounded.
The killer bee stings you.
* * * LOW HITPOINT WARNING * * *
You hit the killer bee. Your bite misses the killer bee.
The killer bee is heavily wounded.
The killer bee barely misses you.
You miss the killer bee.
The killer bee is heavily wounded.
The killer bee barely misses you. The killer bee stings you.
You die...

.8 #............# .# ..
#............#. ...#.
###..............
#..#.###........).......
#....#..##.......#....
##....#..##....#######
##.......#####..#
#..........##..####
..##>..........y@.#
.#....?.....##.##...#
............#### ...#
.#.........## ...#
#.......### ...#
#..y..### #..# ##...##
### ...... .....


You could see a killer bee.

Vanquished Creatures
  A sky beast (D:3)
  3 killer bees (D:5)
  3 hounds
  A worker ant (D:3)
  A gnoll (D:3)
  3 oozes
  A worm (D:3)
  4 dart slugs
  7 orcs
  2 bats
  3 giant cockroaches
  4 goblins
  3 hobgoblins
  3 jackals (D:1)
  8 kobolds
  A quokka (D:3)
  A frilled lizard (D:2)
  4 rats
  A spectral orc (D:3)
54 creatures vanquished.

Notes
Turn   | Place    | Note
-------+----------+-------------------------------------------
     0 | D:1      | siradein the Vampire Brigand began the quest for the Orb.
     0 | D:1      | Reached XP level 1. HP: 16/16 MP: 1/1
   158 | D:1      | Reached XP level 2. HP: 22/22 MP: 2/2
   488 | D:1      | Reached XP level 3. HP: 27/27 MP: 3/3
  1889 | D:3      | Noticed a sky beast
  2077 | D:3      | Reached XP level 4. HP: 23/33 MP: 4/4
  2498 | D:3      | Found a basalt altar of Yredelemnul.
  2580 | D:3      | Killed a sky beast
  2581 | D:3      | Reached XP level 5. HP: 33/38 MP: 5/5
  2929 | D:4      | Reached skill level 5 in Short Blades
  3066 | D:4      | Found a radiant altar of Vehumet.
  3241 | D:5      | Entered Level 5 of the Dungeon
  3246 | D:5      | Reached XP level 6. HP: 44/44 MP: 6/6
  3564 | D:5      | HP: 1/35 [killer bee (4)]
  3566 | D:5      | Slain by a killer bee

Illustrated notes

Levels and vault maps discovered:
D:1:      kilobyte_arrival_exit_the_forest, layout_basic
D:2:      layout_loops_corners
D:3:      minmay_diamond_boxcup, layout_loops_ring,
          yredelemnul_forgotten_temple_becter
D:4:      layout_rooms, lemuel_doored_altar
D:5:      minmay_inner_zag, layout_cave_pools,
          grunt_temple_overflow_champion_of_chaos, fedhas_altar_4,
          marbit_many_paths, minmay_temple_entry_fiery, serial_gnoll_camp,
          gnoll_camp_mini_shop, gnoll_camp_medium_02, gnoll_camp_mini_doghouse

Skill      XL: |  1  2  3  4  5  6 |
---------------+-------------------+-----
Throwing       | 2 3 4 |  4.3
Short Blades   | 3 4 5 |  5.7
Fighting       | |  1.7
Dodging        | |  1.1
Stealth        | |  5.8

Action                   |  1- 3 |  4- 6 || total
-------------------------+-------+-------++-------
Melee: Dagger            |   127 |   140 ||   267
       Bite              |    12 |    15 ||    27
Throw: Dart              |     1 |     3 ||     4
 Abil: Exsanguinate      |       |     1 ||     1
  Use: Scroll            |       |     5 ||     5
       Potion            |       |     2 ||     2
 Stab: Sleeping          |     5 |     2 ||     7
Armor: Robe              |     6 |       ||     6
       Ring mail         |    25 |    16 ||    41
       Scale mail        |       |     3 ||     3
       Leather armour    |       |    15 ||    15
Dodge: Dodged            |    43 |    76 ||   119

Table legend: (Time is in decaauts)
 A = Elapsed time spent in this place.
 B = Non-inter-level travel time spent in this place.
 C = Inter-level travel time spent in this place.
 D = Time resting spent in this place.
 E = Time spent auto-exploring this place.
 F = Levels seen in this place.
 G = Mean time per level.
                   A        B        C        D        E       F      G
               +--------+--------+--------+--------+--------+-----+--------+
         Total |   3526 |   3456 |     70 |    156 |   2493 |   5 |  705.2 |
       Dungeon |   3526 |   3456 |     70 |    156 |   2493 |   5 |  705.2 |
               +--------+--------+--------+--------+--------+-----+--------+

Top non-repeatable levels by time:
     D:3: 971 daAuts
     D:1: 924 daAuts
     D:2: 902 daAuts
     D:4: 416 daAuts
     D:5: 311 daAuts
